 Dungeon Crawl Stone Soup version 0.15.2 (webtiles) character file.

434 Heini the Covered (level 6, -3/57 HPs)
             Began as a Minotaur Fighter on Feb 6, 2015.
             Slain by Grinder (4 damage)
             ... on Level 3 of the Dungeon.
             The game lasted 00:05:24 (2280 turns).

Heini the Covered (Minotaur Fighter)                Turns: 2280, Time: 00:05:24

HP  -3/57        AC  7     Str 23      XL: 6   Next: 68%
MP   3/3         EV  7     Int 10      God:
Gold 173         SH  9     Dex  9      Spells:  0 memorised,  5 levels left

rFire  . . .     SeeInvis .     a - +0 flail
rCold  . . .     Clarity  .     b - +0 scale mail
rNeg   . . .     rCorr    .     c - +0 shield
rPois  .         rRot     .     (helmet restricted)
rElec  .         Spirit   .     (no cloak)
SustAb .         Warding  .     (no gloves)
rMut   .         Stasis   .     (no boots)
Gourm  .                        (no amulet)
MR     .....                    (no ring)
                                l - +5 ring of intelligence

@: not resistant to hostile enchantments, extremely unstealthy
A: retaliatory headbutt, horns 2
a: no special abilities


You were on level 3 of the Dungeon.
You were not hungry.

You visited 1 branch of the dungeon, and saw 3 of its levels.

You collected 173 gold pieces.

Inventory:

Hand weapons
 a - a +0 flail (weapon)
Armour
 b - a +0 scale mail (worn)
 c - a +0 shield (worn)
Magical devices
 k - a wand of magic darts (0)
Comestibles
 d - 3 bread rations
 m - a slice of pizza
Scrolls
 g - 3 scrolls of recharging
 i - a scroll of identify
 o - a scroll of enchant armour {unknown}
 q - a scroll of noise {unknown}
Jewellery
 l - a +5 ring of intelligence (left hand)
Potions
 f - a potion of magic
 h - 2 potions of resistance
 j - a potion of haste {unknown}
 n - 3 potions of agility
Books
 e - a book of Alchemy

   Spells                             Type                      Level
   Sublimation of Blood               Necromancy                   2
   Alistair's Intoxication            Transmutation/Poison         4
   Condensation Shield                Ice                          4
   Petrify                            Transmutation/Earth          4
   Ignite Poison                      Fire/Transmutation           5


   Skills:
 * Level 5.8 Fighting
 * Level 4.8 Maces & Flails
 * Level 6.6 Armour
 - Level 3.6 Shields


You had 5 spell levels left.
You didn't know any spells.

Dungeon Overview and Level Annotations

Branches:
Dungeon (3/15)

Altars:
Nemelex Xobeh

Annotations:
D:3 Grinder


Innate Abilities, Weirdness & Mutations

You reflexively headbutt those who attack you in melee.
You have a pair of horns on your head.


Message History

Grinder blinks!
Grinder zaps a wand.
You block the puff of frost.
Grinder zaps a wand.
The puff of frost hits you!
You barely miss Grinder.
Grinder is almost dead.
Grinder hits you!
* * * LOW HITPOINT WARNING * * *
You writhe in agony.
* * * LOW HITPOINT WARNING * * *
You are too injured to fight recklessly!
You are too injured to fight recklessly!
You closely miss Grinder. Your headbutt misses Grinder.
Grinder is almost dead.
Grinder zaps a wand.
The puff of frost hits you!
You closely miss Grinder. You headbutt Grinder.
Grinder is almost dead.
Grinder hits you.
* * * LOW HITPOINT WARNING * * *
You writhe in agony.
You die...

)# ###)#..........#
####...#....>.....#
.................##
..................####
........%....).......#
##.#####..........##.# #..#
#..........# .#
#.######..........##.#
.......).......5@....#
.#########......###### .#
######## #########
.##################.......#
................%.........#
###################.......#
#.%.....# #.......#
#########


You could see Grinder.

Vanquished Creatures
  A phantom (D:3)
  Sigmund (D:2)
  The ghost of ghwc the Cudgeler, an average KoFi (D:3)
  Natasha (twice) (D:3)
  Jessica (D:3)
  5 adders
  2 giant mites (D:2)
  3 worms (D:3)
  4 giant geckos
  2 oozes
  10 orcs (D:3)
  5 bats
  7 hobgoblins
  A quokka (D:2)
  4 giant cockroaches
  7 goblins (D:1)
  6 kobolds
  10 rats
72 creatures vanquished.

Notes
Turn   | Place    | Note
--------------------------------------------------------------
     0 | D:1      | Heini, the Minotaur Fighter, began the quest for the Orb.
     0 | D:1      | Reached XP level 1. HP: 19/19 MP: 1/1
   284 | D:1      | Reached skill level 4 in Armour
   294 | D:1      | Reached XP level 2. HP: 14/27 MP: 1/1
   823 | D:2      | Noticed Sigmund
   830 | D:2      | Killed Sigmund
   830 | D:2      | Reached skill level 5 in Armour
   830 | D:2      | Reached XP level 3. HP: 25/34 MP: 2/2
   830 | D:2      | Reached XP level 4. HP: 30/41 MP: 2/2
  1112 | D:2      | Found a sparkling altar of Nemelex Xobeh.
  1322 | D:2      | Reached XP level 5. HP: 45/47 MP: 2/2
  1565 | D:3      | Noticed ghwc's ghost (average KoFi)
  1577 | D:3      | Killed ghwc's ghost
  1577 | D:3      | Reached skill level 5 in Fighting
  1577 | D:3      | Reached skill level 6 in Armour
  1590 | D:3      | Noticed a phantom
  1621 | D:3      | Killed a phantom
  1621 | D:3      | Reached XP level 6. HP: 7/56 MP: 3/3
  2012 | D:3      | Noticed Natasha
  2021 | D:3      | Killed Natasha
  2030 | D:3      | Noticed Natasha
  2039 | D:3      | Killed Natasha
  2077 | D:3      | Noticed Jessica
  2095 | D:3      | Killed Jessica
  2266 | D:3      | Noticed Grinder
  2280 | D:3      | HP: 1/57 [Grinder (6)]
  2280 | D:3      | Slain by Grinder

Action                   |  1- 3 |  4- 6 || total
-------------------------+-------+-------++-------
Melee: Flail             |    53 |   149 ||   202
  Use: Potion            |     1 |       ||     1
       Scroll            |       |     7 ||     7
  Eat: Chunk             |       |     5 ||     5
